 Dungeon Crawl Stone Soup version 0.26-a0-812-g31a745ddcd (webtiles) character file.

Game seed: 18079462862673458434

5988 kae the Fighter (level 10, -19/61 HPs)
             Began as a Tengu Transmuter on Nov 18, 2020.
             Was a Priest of Hepliaklqana.
             Demolished by a boulder beetle (56 damage)
             ... on level 11 of the Dungeon.
             The game lasted 00:09:07 (10897 turns).

kae the Fighter (Tengu Transmuter)                 Turns: 10897, Time: 00:09:08

Health: -19/61     AC: 14    Str: 14    XL:     10   Next: 85%
Magic:  14/14      EV: 20    Int: 14    God:    Hepliaklqana [***...]
Gold:   719        SH:  0    Dex: 14    Spells: 0/13 levels left

rFire    + . .     SeeInvis .     - Unarmed
rCold    . . .     Faith    .   (no shield)
rNeg     . . .     Spirit   .   B - +0 steam dragon scales
rPois    .         Reflect  .   (helmet currently unavailable)
rElec    .         Harm     .   e - +2 cloak {MR+}
rCorr    .         Rampage  .   t - +1 pair of gloves
MR       +....                  (boots unavailable)
Stlth    +.........             f - amulet of regeneration
HPRegen  0.60/turn              i - ring of wizardry
MPRegen  0.14/turn              k - ring of protection from fire

@: appendages, flying quickly and evasively, quick
A: reduced essence, beak, horns 2, talons 3, icy blue scales 1, thin metallic
scales 1, wild magic 1, able to fly
a: Stop Flying, End Transformation, Recall Ancestor, Ancestor Identity,
Transference, Renounce Religion


You were on level 11 of the Dungeon.
You worshipped Hepliaklqana.
Hepliaklqana was most pleased with you.
You had grown temporary horns.
You visited 2 branches of the dungeon, and saw 12 of its levels.

You collected 719 gold pieces.

Inventory:

Armour
 e - a +2 cloak of magic resistance (worn)
 t - a +1 pair of gloves (worn)
 B - +0 steam dragon scales (worn)
Jewellery
 f - an amulet of regeneration (around neck)
 i - a ring of wizardry (left hand)
 j - an uncursed amulet of faith
 k - a ring of protection from fire (right hand)
 p - an uncursed amulet of magic regeneration
Wands
 s - a wand of digging (9)
 u - a wand of random effects (38)
 x - a wand of iceblast (5)
 y - a wand of disintegration (12)
Scrolls
 l - 4 scrolls of magic mapping
 o - 3 scrolls of remove curse
 r - 5 scrolls of teleportation
Potions
 b - 3 potions of curing
 c - 2 potions of lignification
 d - 2 potions of heal wounds
 g - 2 potions of brilliance
 h - 4 potions of might
 m - 2 potions of flight
 n - a potion of attraction
 q - a potion of magic
 v - a potion of haste
 z - a potion of invisibility {unknown}


   Skills:
 + Level 9.9 Fighting
 - Level 8.0 Dodging
 + Level 8.1 Unarmed Combat
 + Level 2.3 Spellcasting
 * Level 8.2 Transmutations
 * Level 1.6 Ice Magic
 - Level 3.0 Poison Magic


You couldn't memorise any spells.
You knew the following spells:

 Your Spells              Type           Power        Failure   Level
a - Beastly Appendage     Tmut           ####..       1%          1
b - Spider Form           Tmut/Pois      ###.......   4%          3
c - Blade Hands           Tmut           ####......   12%         5
d - Ice Form              Ice/Tmut       ###.....     16%         4

Your spell library contained the following spells:

 Spells                   Type           Power        Failure   Level
 Wereblood                Tmut           ####....     1%          2
 Freeze                   Ice            #...         7%          1
 Foxfire                  Conj/Fire      #...         12%         1
 Frozen Ramparts          Ice            #.....       19%         3
 Ozocubu's Armour         Ice            #.......     19%         3
 Conjure Flame            Conj/Fire      #.......     32%         3
 Inner Flame              Hex/Fire       #.......     32%         3
 Hailstorm                Conj/Ice       #.......     58%         4
 Summon Ice Beast         Ice/Summ       #.......     58%         4
 Sticky Flame             Conj/Fire      #.......     69%         4
 Bolt of Magma            Conj/Fire/Erth #.........   94%         5
 Fireball                 Conj/Fire      #.........   94%         5
 Iskenderun's Battlesphe  Conj           #.......     94%         5
 Iron Shot                Conj/Erth      #.........   100%        6
 Malign Gateway           Summ/Tloc      #.........   100%        7
 Orb of Destruction       Conj           #.........   100%        7
 Spellforged Servitor     Conj/Summ      #.........   100%        7
 Dragon's Call            Summ           #.........   100%        9


Dungeon Overview and Level Annotations

Branches:
Dungeon (11/15)            Temple (1/1) D:5            Lair (0/6) D:11
    Orc (0/2) D:9

Altars:
Ashenzari
Cheibriados
Dithmenos
Elyvilon
Fedhas
Gozag
Hepliaklqana
Kikubaaqudgha
Makhleb
Nemelex Xobeh
Okawaru
Qazlal
Ru
Sif Muna
Trog
Uskayaw
Vehumet
Wu Jian
Xom
Yredelemnul
Zin
The Shining One

Shops:
D:10 [:=(

Annotations:
D:2 1 runed translucent door, Crazy Yiuf


Innate Abilities, Weirdness & Mutations

You have a beak for a mouth.
You have claws for feet.
You can fly continuously.
Your life essence is reduced to manifest your ancestor. (-10% HP)
You have a pair of horns on your head.
You are partially covered in icy blue scales. (AC +2)
You are partially covered in thin metallic scales. (AC +2)
Your spells are a little harder to cast, but a little more powerful.


Message History

Found 22 gold pieces.
A boulder beetle comes into view.
The yak bellows!
The boulder beetle curls into a ball and begins rolling!
Found a scroll of fear.
A quokka comes into view.
Found a wand of iceblast (9).
The boulder beetle completely misses you.
The boulder beetle stops rolling and uncurls.
Found an escape hatch in the floor.
A yak comes into view.
Found a stone staircase leading down.
The boulder beetle waves its antennae.
The boulder beetle curls into a ball and begins rolling!
The quokka misses you.
A hound comes into view.
The hound barks!
The boulder beetle hits you!!!
Ouch! That really hurt!
You die...

....<.......YY.l°°........
.......#...≈.....#.#......
.......#..≈≈≈Y####........
D.....##...≈≈≈Y..l°.######
.............≈≈≈≈≈≈°.....
.......##########r≈°≈....
........ #####.../○......#
(....... ......#.B.......#
...≈≈.≈. ..≈..h.@........#
.≈≈.≈≈≈. ≈........>......#
≈≈≈≈≈≈≈≈ ≈............>..
≈≈≈..≈≈≈ .≈≈.....#######.
≈...≈..≈ ≈.......#
≈.≈...≈≈ .≈≈≈....+
....>..≈ ≈≈.....##
......≈≈≈≈≈....# ≈≈≈≈.≈.≈≈


You could see a boulder beetle, an iguana, a hound and a quokka.

Vanquished Creatures
  A two-headed ogre (D:9)
  Joseph (D:7)
  A komodo dragon (D:10)
  2 trolls
  A hornet (D:8)
  A wyvern (D:9)
  A steam dragon (D:10)
  2 water moccasins
  3 orc warriors
  An ice beast (D:9)
  A necrophage (D:8)
  2 sky beasts
  4 ogres
  2 wolves (D:11)
  3 centaurs
  3 big kobolds
  A bullfrog (D:8)
  A water moccasin zombie (D:6)
  A wyvern skeleton (D:8)
  3 scorpions
  8 killer bees (D:9)
  3 howler monkeys
  4 electric eels (D:11)
  A bullfrog zombie (D:8)
  A centaur skeleton (D:8)
  2 orc priests (D:9)
  5 hounds
  4 orc wizards
  3 bullfrog skeletons
  An iguana (D:10)
  5 worker ants
  A killer bee zombie (D:8)
  2 hound zombies (D:7)
  A hound skeleton (D:9)
  A worker ant zombie (D:5)
  3 gnolls (D:5)
  A howler monkey skeleton (D:8)
  16 adders
  3 shadow imps
  3 white imps
  3 ufetubi
  An adder skeleton (D:8)
  An adder zombie (D:8)
  2 worms
  2 dart slugs
  7 leopard geckos
  24 orcs
  2 ball pythons
  7 bats
  3 giant cockroaches
  5 goblins
  4 hobgoblins
  17 kobolds
  3 quokkas
  2 frilled lizards (D:2)
  5 rats
191 creatures vanquished.

Vanquished Creatures (collateral kills)
  A killer bee (D:9)
  An orc (D:9)
2 creatures vanquished.

Vanquished Creatures (others)
  2 hexers
  An ancestor (D:8)
  A fungus (D:2)
4 creatures vanquished.

Grand Total: 197 creatures vanquished

Notes
Turn   | Place    | Note
-------+----------+-------------------------------------------
     0 | D:1      | kae the Tengu Transmuter began the quest for the Orb.
     0 | D:1      | Reached XP level 1. HP: 12/12 MP: 4/4
   563 | D:1      | Reached XP level 2. HP: 12/16 MP: 4/6
  1201 | D:2      | Reached XP level 3. HP: 20/20 MP: 7/7
  1262 | D:2      | Found a faded altar of an unknown god.
  1590 | D:2      | Learned a level 3 spell: Spider Form
  1597 | D:2      | Reached XP level 4. HP: 25/25 MP: 6/8
  2084 | D:2      | Found a runed translucent door.
  2085 | D:2      | Noticed Crazy Yiuf
  2355 | D:3      | HP: 1/25 [orc wizard/puff of flame (4)]
  2363 | D:3      | Reached skill level 1 in Poison Magic
  2613 | D:3      | Gained mutation: You can fly continuously. [Tengu growth]
  2613 | D:3      | Reached XP level 5. HP: 29/29 MP: 7/9
  3485 | D:4      | Gained mutation: Your spells are a little harder to cast,
                  | but a little more powerful. [potion of mutation]
  3485 | D:4      | Gained mutation: You are partially covered in thin metallic
                  | scales. (AC +2) [potion of mutation]
  3485 | D:4      | Gained mutation: You are partially covered in icy blue
                  | scales. (AC +2) [potion of mutation]
  3486 | D:4      | Reached skill level 9 in Fighting
  3486 | D:4      | Reached XP level 6. HP: 48/48 MP: 10/10
  3563 | D:4      | Reached XP level 7. HP: 52/52 MP: 1/11
  4004 | D:5      | Entered Level 5 of the Dungeon
  4264 | D:5      | Found a staircase to the Ecumenical Temple.
  4581 | D:5      | Reached skill level 5 in Unarmed Combat
  4631 | D:5      | Reached XP level 8. HP: 35/57 MP: 8/12
  5065 | Temple   | Entered the Ecumenical Temple
  5141 | Temple   | Became a worshipper of Hepliaklqana the Forgotten
  5435 | D:6      | Learned a level 5 spell: Blade Hands
  5568 | D:6      | You are sucked into a shaft and drop 1 floor!
  6067 | D:7      | Reached skill level 5 in Transmutations
  6262 | D:7      | Reached * piety under Hepliaklqana
  6396 | D:7      | Noticed a troll
  6405 | D:7      | Killed a troll
  6409 | D:7      | Reached XP level 9. HP: 16/55 MP: 3/13
  6605 | D:7      | Noticed Joseph
  6610 | D:7      | Killed Joseph
  7660 | D:8      | Noticed a hornet
  7668 | D:8      | Paralysed by a hornet for 2 turns
  7672 | D:8      | Killed a hornet
  7913 | D:8      | Reached ** piety under Hepliaklqana
  7914 | D:8      | Remembered your ancestor Gnaeus as a hexer
  8141 | D:8      | Found a glowing silver altar of Zin.
  8158 | D:8      | Identified the Compendium of Calling
  8360 | D:9      | Reached XP level 10. HP: 61/61 MP: 8/14
  8411 | D:9      | Found a staircase to the Orcish Mines.
  8484 | D:9      | Noticed a two-headed ogre
  8489 | D:9      | Killed a two-headed ogre
  9152 | D:10     | Entered Level 10 of the Dungeon
  9152 | D:10     | Found Wilupreg's Weapon Shoppe.
  9163 | D:10     | Learned a level 4 spell: Ice Form
  9362 | D:10     | Found Ciafohap's Jewellery Shop.
  9562 | D:10     | Found a radiant altar of Vehumet.
  9776 | D:10     | Reached *** piety under Hepliaklqana
  9877 | D:10     | Found Getepnau's Book Emporium.
 10062 | D:10     | Reached skill level 1 in Ice Magic
 10139 | D:10     | Found Ceckehos's Armour Emporium.
 10817 | D:11     | Found a staircase to the Lair.
 10870 | D:11     | Noticed a cyclops
 10876 | D:11     | Found a blossoming altar of Fedhas.
 10885 | D:11     | Noticed a boulder beetle
 10897 | D:11     | Demolished by a boulder beetle

Illustrated notes

Levels and vault maps discovered:
D:1:      dpeg_arrival_three_same_balls, layout_loops_corners, corner_web_ring
D:2:      layout_rooms, serial_corexii_hall, corexii_hall_statues_deadend,
          corexii_hall_statues_l, chequers_ecumenical_altar_simple_redux,
          minmay_pentomino_s4, uniq_crazy_yiuf_cottage
D:3:      layout_basic, hex_intersection
D:4:      layout_basic, kennysheep_windowed_goal
D:5:      layout_basic, minmay_temple_entry_sparse_star,
          kennysheep_generic_room_9
D:6:      layout_loops_ring, minmay_between
D:7:      layout_basic, uniq_joseph
D:8:      layout_loops_ring, zin_statuary
D:9:      layout_roguey, orc_0_dummy
D:10:     layout_basic, serial_shops, shop, shop, kennysheep_little_box, shop,
          basic_altar
D:11:     layout_basic, erik_lair_island, basic_altar, serial_rivers,
          chequers_serial_rivers_room_a, chequers_serial_rivers_micro_b,
          chequers_serial_rivers_room_a, chequers_serial_rivers_small_3,
          chequers_serial_rivers_small_a, chequers_serial_rivers_room_b,
          hangedman_tell_no_tales
Temple:   compressed_dpeg_circular_temple

Skill      XL: |  1  2  3  4  5  6  7  8  9 10 |
---------------+-------------------------------+-----
Transmutations | 2 3 4 5 6 8 |  8.2
Unarmed Combat | 4 5 7 8 |  8.1
Poison Magic   | 1 2 3 |  3.0
Fighting       | 9 |  9.9
Dodging        | 7 8 |  8.0
Ice Magic      | 1 |  1.6
Spellcasting   | |  2.3

Action                   |  1- 3 |  4- 6 |  7- 9 | 10-12 || total
-------------------------+-------+-------+-------+-------++-------
Melee: Unarmed           |    59 |   106 |   325 |    88 ||   578
       Kick              |    13 |    11 |    38 |     8 ||    70
       Headbutt          |     7 |     2 |     3 |       ||    12
       Peck              |     6 |     7 |    28 |     6 ||    47
       Punch             |       |       |     2 |     1 ||     3
 Cast: Beastly Appendage |    16 |    13 |     5 |     2 ||    36
       Spider Form       |       |     4 |    32 |     6 ||    42
       Blade Hands       |       |       |     7 |     7 ||    14
Invok: Recall Ancestor   |       |       |     3 |     2 ||     5
       Ancestor Life: He |       |       |     1 |       ||     1
 Abil: Fly               |       |     1 |       |       ||     1
Evoke: Wand              |       |       |       |     7 ||     7
  Use: Potion            |       |     4 |     1 |       ||     5
       Scroll            |       |     8 |     8 |     7 ||    23
 Stab: Sleeping          |     1 |       |     1 |       ||     2
Armor: Robe              |    29 |    14 |    18 |    10 ||    71
       Skin              |       |     2 |     5 |       ||     7
       Steam dragon scal |       |       |       |     9 ||     9
Dodge: Dodged            |    42 |    84 |   319 |    86 ||   531

Table legend: (Time is in decaauts)
 A = Elapsed time spent in this place.
 B = Non-inter-level travel time spent in this place.
 C = Inter-level travel time spent in this place.
 D = Time resting spent in this place.
 E = Time spent auto-exploring this place.
 F = Levels seen in this place.
 G = Mean time per level.
                   A        B        C        D        E       F      G
               +--------+--------+--------+--------+--------+-----+--------+
         Total |  10283 |   9737 |    546 |    141 |   8230 |  12 |  856.9 |
       Dungeon |  10207 |   9667 |    540 |    141 |   8165 |  11 |  927.9 |
        Temple |     75 |     69 |      6 |      0 |     64 |   1 |   75.0 |
               +--------+--------+--------+--------+--------+-----+--------+

Top non-repeatable levels by time:
    D:10: 1410 daAuts
     D:2: 1172 daAuts
     D:7: 1166 daAuts
     D:1: 1142 daAuts
     D:3: 1063 daAuts
     D:5: 1009 daAuts
     D:9: 908 daAuts
     D:8: 873 daAuts
     D:6: 747 daAuts
     D:4: 522 daAuts
    D:11: 191 daAuts
  Temple: 75 daAuts
